 Dungeon Crawl Stone Soup version 0.21-a0-352-g5b8f553 (webtiles) character file.

75943 tidbits the Cleaver (level 15, -8/152 HPs)
             Began as a Gnoll Skald on Oct 10, 2017.
             Was the Champion of Makhleb.
             Mangled by Cigotuvi's Monster (20 damage)
             ... in a wizard's laboratory.
             The game lasted 02:09:29 (9843 turns).

tidbits the Cleaver (Gnoll Skald)                   Turns: 9843, Time: 02:09:30

Health: -8/152     AC: 33    Str: 15    XL:     15   Next: 51%
Magic:  24/30      EV: 22    Int: 19    God:    Makhleb [******]
Gold:   361        SH: 12    Dex: 16    Spells: 1/36 levels left

rFire    . . .     SeeInvis .   v - +5 broad axe (venom)
rCold    + . .     Gourm    +   D - +0 shield
rNeg     + . .     Faith    .   (armour currently unavailable)
rPois    ∞         Spirit   .   E - +2 hat
rElec    +         Reflect  .   C - +2 cloak {rC+}
rCorr    .         Harm     .   (gloves currently unavailable)
MR       +....                  (boots currently unavailable)
Stlth    ++++......             s - amulet of the gourmand
HPRegen  0.35/turn              V - +6 ring of evasion
MPRegen  0.22/turn              W - ring of wizardry

@: statue-form, constricted, studying Axes, very slow
A: distributed training, fangs 1, horns 1, talons 1, strong nose
a: End Transformation, Minor Destruction, Lesser Servant of Makhleb, Major
Destruction, Greater Servant of Makhleb, Renounce Religion


You were in a wizard's laboratory.
You worshipped Makhleb.
Makhleb was exalted by your worship.
You were not hungry.
You were a stone statue.
You visited 6 branches of the dungeon, and saw 22 of its levels.
You also visited: Labyrinth, Ice Cave and Wizlab.

You collected 3351 gold pieces.
You spent 2990 gold pieces at shops.

Inventory:

Hand Weapons
 a - the +8 flail of Untruth {crush, rC+ rN+}
   (You found it on level 8 of the Dungeon)

   It inflicts extra damage upon your enemies.
   It protects you from cold.
   It protects you from negative energy.
 v - a +5 broad axe of venom (weapon)
   (You found it on level 10 of the Dungeon)
Missiles
 n - 4 javelins (quivered)
 Y - a throwing net {!f}
Armour
 B - a +1 robe of the Archmagi (melded)
   (You took it off Erolcha on level 9 of the Dungeon)
 C - a +2 cloak of cold resistance (worn)
   (You found it in an ice cave)
 D - a +0 shield (worn)
 E - a +2 hat (worn)
 G - a +0 pair of gloves (melded)
Jewellery
 s - an amulet of the gourmand (around neck)
   (You took it off a minotaur in a labyrinth)
 z - an uncursed ring of protection from magic
   (You found it in a labyrinth)
 I - an uncursed ring of see invisible
   (You found it in a labyrinth)
 R - a +5 ring of protection
   (You bought it in a shop on level 2 of the Orcish Mines)
 V - a +6 ring of evasion (left hand)
   (You found it in an ice cave)
 W - a ring of wizardry (right hand)
   (You bought it in a shop on level 2 of the Orcish Mines)
Wands
 e - a wand of acid (3/15)
 j - a wand of enslavement (15/24)
 k - a wand of lightning (4/15)
 l - a wand of scattershot (4/9)
 u - a wand of disintegration (8/24)
 F - a wand of paralysis (18/24)
 J - a wand of acid (9/15)
 M - a wand of lightning (4/15)
 P - a wand of flame (11/48)
 S - a wand of acid (5/15)
Scrolls
 h - 3 scrolls of immolation
 i - 4 scrolls of magic mapping
 r - 7 scrolls of remove curse
 A - 4 scrolls of teleportation
 Q - 2 scrolls of enchant armour {unknown}
Potions
 b - 17 potions of mutation {!q}
 f - 5 potions of might
 g - a potion of magic
 m - 3 potions of haste
 o - 3 potions of flight
 p - a potion of agility
 q - a potion of heal wounds
 x - 6 potions of curing
 L - 2 potions of brilliance
 O - 2 potions of ambrosia
 U - a potion of berserk rage
 X - a potion of resistance
 Z - a potion of cancellation {unknown}
Books
 t - a manual of Axes
   (You found it in a labyrinth)
Miscellaneous
 H - a phial of floods
 N - a box of beasts
Comestibles
 c - 11 bread rations


   Skills:
 + Level 10.9 Fighting
 + Level 10.0 Short Blades
 + Level 10.0 Long Blades
 + Level 11.8 Axes
 + Level 10.0 Maces & Flails
 + Level 10.0 Polearms
 + Level 10.0 Staves
 + Level 10.0 Slings
 + Level 10.0 Bows
 + Level 10.0 Crossbows
 + Level 10.0 Throwing
 + Level 10.3 Armour
 + Level 10.9 Dodging
 + Level 10.0 Stealth
 + Level 10.0 Shields
 + Level 10.0 Unarmed Combat
 + Level 11.0 Spellcasting
 + Level 10.0 Conjurations
 + Level 10.0 Hexes
 + Level 11.7 Charms
 + Level 10.0 Summonings
 + Level 10.0 Necromancy
 + Level 10.0 Translocations
 + Level 10.0 Transmutations
 + Level 10.0 Fire Magic
 + Level 10.0 Ice Magic
 + Level 10.0 Air Magic
 + Level 10.0 Earth Magic
 + Level 10.0 Poison Magic
 + Level 10.0 Invocations
 + Level 10.0 Evocations


You had one spell level left.
You knew the following spells:

 Your Spells              Type           Power        Failure   Level  Hunger
b - Blink                 Tloc           N/A          1%          2    None
g - Shroud of Golubria    Chrm/Tloc      ######....   1%          2    None
m - Mephitic Cloud        Conj/Pois/Air  #####...     1%          3    None
n - Animate Skeleton      Necr           N/A          1%          1    None
r - Regeneration          Chrm/Necr      ######....   1%          3    None
s - Statue Form           Tmut/Erth      #####....    13%         6    ######.
u - Control Undead        Necr           #####.....   1%          4    ##.....
w - Spectral Weapon       Hex/Chrm       ######..     1%          3    None
y - Song of Slaying       Chrm           ######..     1%          2    None
A - Aura of Abjuration    Summ           #####.....   2%          5    ####...
N - Animate Dead          Necr           N/A          1%          4    ##.....


Dungeon Overview and Level Annotations

Branches:
Dungeon (11/15)            Temple (1/1) D:4            Lair (5/6) D:10
  Swamp (2/4) Lair:3       Spider (0/4) Lair:4        Slime (0/5) Lair:5
    Orc (2/2) D:9             Elf (1/3) Orc:2

Altars:
Elyvilon
Makhleb
Nemelex Xobeh
Trog
Yredelemnul
Beogh
Jiyva

Shops:
D:9 :   Orc:1 [   Orc:2 =(:![   Elf:1 [

Annotations:
Lair:4 exclusion: 3 oklob plants
Orc:1 dig


Innate Abilities, Weirdness & Mutations

Your experience applies equally to all skills.
You have very sharp teeth.
Your uncanny sense of smell can sniff out nearby items.
You have a pair of small horns on your head.
You have sharp toenails.


Message History

You slice Cigotuvi's Monster like a ripe choko!!!
You claw Cigotuvi's Monster. You headbutt Cigotuvi's Monster.
Cigotuvi's Monster is moderately wounded.
You hit the large abomination but do no damage.
You slash the cyan very ugly thing!
The cyan very ugly thing looks as sick as possible!
Your spectral weapon hits Cigotuvi's Monster!
You block the large abomination's attack.
You block the cyan very ugly thing's attack.
You block Cigotuvi's Monster's attack. Cigotuvi's Monster tramples you.
You hold your ground!
Cigotuvi's Monster stings you but does no damage.
Cigotuvi's Monster completely misses you.
The large abomination completely misses you.
Unknown command.
You hit Cigotuvi's Monster.
Cigotuvi's Monster is moderately wounded.
You completely miss the cyan very ugly thing.
You hit the large abomination.
Your spectral weapon completely misses Cigotuvi's Monster.
The cyan very ugly thing claws you but does no damage.
Cigotuvi's Monster hits you but does no damage.
You block Cigotuvi's Monster's attack.
Cigotuvi's Monster completely misses you.
Cigotuvi's Monster grabs you. Cigotuvi's Monster constricts you!!
The large abomination barely misses you.
The cyan very ugly thing completely misses you.
Cigotuvi's Monster hits you. You block Cigotuvi's Monster's attack.
Cigotuvi's Monster stings you. Cigotuvi's Monster constricts you!!
Unknown command.
Your shield prevents you from hitting Cigotuvi's Monster.
You claw Cigotuvi's Monster.
You bite Cigotuvi's Monster, but do no damage.
Cigotuvi's Monster is moderately wounded.
You hit the cyan very ugly thing.
The cyan very ugly thing looks as sick as possible!
You slash the large abomination! You hit the large abomination.
Your spectral weapon hits Cigotuvi's Monster.
The large abomination completely misses you.
You block the cyan very ugly thing's attack.
Cigotuvi's Monster hits your spectral weapon!!
Your spectral weapon shares its damage with you!
Your spectral weapon fades away.
* * * LOW HITPOINT WARNING * * *
Cigotuvi's Monster constricts you!!
You block the large abomination's attack.
The large abomination hits you!
* * * LOW HITPOINT WARNING * * *
Cigotuvi's Monster gurgles horribly!
Casting: Spectral Weapon
Confirm with . or Enter, or press ? or * to list all spells.
You escape Cigotuvi's Monster's grasp.
You blink.
Cigotuvi's Monster barely misses you.
Cigotuvi's Monster tramples you but does no damage.
You block Cigotuvi's Monster's attack. Cigotuvi's Monster grabs you.
* * * LOW HITPOINT WARNING * * *
Cigotuvi's Monster constricts you!
There is an open fleshy orifice here.
Okay, then.
Evoke which item? (* to show all) (? for menu, Esc to quit)
Okay, then.
Evoke which item? (* to show all) (? for menu, Esc to quit)
Okay, then.
Press: ? - help, v - describe, . - travel
Here: Cigotuvi's Monster (moderately wounded, constricting you)
The pulsating floor.
Press: ? - help, v - describe, . - travel
Here: Cigotuvi's Monster (moderately wounded, constricting you)
The pulsating floor.
You feel much better.
Cigotuvi's Monster completely misses you.
Cigotuvi's Monster tramples you but does no damage.
Cigotuvi's Monster closely misses you.
* * * LOW HITPOINT WARNING * * *
Cigotuvi's Monster constricts you!!
You escape Cigotuvi's Monster's grasp.
Evoke which item? (* to show all) (? for menu, Esc to quit)
Aiming: Corrosive Bolt
Press: ? - help, Shift-Dir - straight line, f - large abomination
Aim: a large abomination (heavily damaged)
The bolt of acid hits Cigotuvi's Monster.
Cigotuvi's Monster is splashed with acid.
The acid corrodes Cigotuvi's Monster!
Cigotuvi's Monster is heavily wounded.
The bolt of acid hits the large abomination.
The large abomination is splashed with acid.
The large abomination is almost destroyed.
This wand has 5 charges left.
Cigotuvi's Monster hits you!
* * * LOW HITPOINT WARNING * * *
Cigotuvi's Monster misses you. Cigotuvi's Monster closely misses you.
Cigotuvi's Monster grabs you.
* * * LOW HITPOINT WARNING * * *
Cigotuvi's Monster constricts you!!
Casting: Blink
Confirm with . or Enter, or press ? or * to list all spells.
Cigotuvi's Monster's grasp on you weakens, but your attempt to escape fails.
Cigotuvi's Monster closely misses you.
Cigotuvi's Monster tramples you but does no damage.
Cigotuvi's Monster stings you but does no damage.
You die...

##...#e....#.........####
x#...#p....####...######
u#...#..### ##'#####.##
.#...#.#### #...#....#
###'####..# ##...'....#
o#...##u.§§ #...##....#
p#...#uu§§. #..####..##
.#...#.u§.§ #..# ####
.#...##§§§§ #.8# #???##
###'####..# ##H###.....#
##...###### #.Xu.......#
u#...#u.o.. #...X......#
.#...#..e.. #..........#
.#...#..... #...........#
###'###...# #.....#.....#
#∩# #### ###.####??|##
### ### ####


You could see Cigotuvi's Monster and a large abomination.

Vanquished Creatures
  A deep elf death mage (Elf:1)
  A minotaur (Lab)
  2 blizzard demons (IceCv)
  4 hydras
  Erica (Orc:1)
  Harold (D:10)
  A death knight (D:10)
  4 two-headed ogres
  A dancing weapon (Elf:1)
  An orc high priest (Orc:2)
  10 death yaks
  3 deep elf knights (Elf:1)
  An iron golem (WizLab)
  2 swamp dragons
  2 unseen horrors
  3 deep elf archers (Elf:1)
  5 orc knights
  An orc sorcerer (Orc:1)
  7 deep elf magi (Elf:1)
  8 ugly things
  A manticore (D:11)
  A cyclops (Orc:2)
  A manticore (shapeshifter) (WizLab)
  Maurice (D:10)
  An ice statue (IceCv)
  3 elephants (Lair:4)
  4 black mambas
  4 gargoyles
  10 spiny frogs
  A freezing wraith (IceCv)
  A komodo dragon (Lair:2)
  2 anaconda simulacra (IceCv)
  2 rime drakes
  7 ice devils (IceCv)
  5 trolls
  A tyrant leech (Swamp:1)
  A hornet (Swamp:2)
  A hippogriff (shapeshifter) (WizLab)
  A bog body (Swamp:2)
  8 blink frogs
  Grinder (D:4)
  3 hippogriffs
  7 dire elephant simulacra (IceCv)
  A redback (Lab)
  A yak (shapeshifter) (WizLab)
  3 wyverns
  A water elemental (Elf:1)
  3 wraiths
  A spriggan (Swamp:2)
  22 yaks
  Eustachio (D:5)
  2 basilisks
  5 hungry ghosts
  3 vampire mosquitoes
  Grum (D:11)
  A death yak simulacrum (IceCv)
  5 harpy simulacra (IceCv)
  3 wargs
  2 swamp worms (Swamp:2)
  3 iron troll simulacra (IceCv)
  3 insubstantial wisps
  A hydra simulacrum (IceCv)
  5 water moccasins
  9 porcupines
  Purgy (D:4)
  3 swamp drakes
  2 black bears
  4 sky beasts
  An alligator simulacrum (IceCv)
  3 ice beasts
  18 orc warriors
  A necrophage (D:10)
  3 phantoms
  13 wolves
  3 centaurs
  13 ogres
  3 crocodiles
  A big kobold (D:10)
  10 bullfrogs
  A water moccasin zombie (D:6)
  5 scorpions
  A wyvern skeleton (D:10)
  5 killer bees
  A howler monkey (D:4)
  An electric eel (Lair:3)
  6 crimson imps
  6 small abominations (WizLab)
  A bullfrog zombie (D:9)
  2 draconian simulacra (IceCv)
  2 bullfrog skeletons (D:4)
  3 jellies
  2 hounds
  13 orc priests
  17 orc wizards
  4 centaur skeletons
  3 iguanas
  2 troll simulacra (IceCv)
  9 worker ants
  2 centaur simulacra (IceCv)
  2 hound zombies
  A howler monkey zombie (D:7)
  3 gnolls (D:7)
  6 adders
  A howler monkey skeleton (D:4)
  3 naga simulacra (IceCv)
  6 ogre simulacra (IceCv)
  A river rat (D:10)
  3 shadow imps
  6 white imps (IceCv)
  5 ufetubi (IceCv)
  An adder skeleton (D:5)
  2 dart slugs
  7 leopard geckos
  97 orcs
  3 bats
  5 giant cockroaches
  9 hobgoblins
  12 jackals
  11 quokkas
  2 ball pythons
  11 frilled lizards
  8 goblins
  10 kobolds
  A leopard gecko zombie (D:9)
  5 rats
  2 plants
590 creatures vanquished.

Vanquished Creatures (collateral kills)
  Rupert (Lair:4)
  Josephine (Lair:3)
  Erolcha (D:9)
  A hydra (Swamp:2)
  2 orc high priests (Orc:2)
  A death yak (Lair:3)
  An orc knight (Orc:2)
  Urug (Orc:1)
  A swamp dragon (Swamp:1)
  3 orc sorcerers (Orc:2)
  A deep elf mage (Elf:1)
  2 spiny frogs
  A troll (Orc:1)
  A tyrant leech (Swamp:2)
  5 blink frogs
  A shadow (Swamp:1)
  4 yaks
  A wraith (Lair:3)
  A swamp worm (Swamp:1)
  6 insubstantial wisps
  2 water moccasins
  2 orc warriors (Orc:2)
  3 porcupines
  An ettin simulacrum (IceCv)
  A swamp drake (Swamp:2)
  2 ogres (Orc:1)
  A crocodile (Lair:5)
  A bullfrog (Lair:4)
  An electric eel (Lair:2)
  An orc priest (Orc:2)
  A worker ant (D:10)
  3 orc wizards (Orc:2)
  A howler monkey skeleton (D:10)
  A fungus (Lair:1)
  2 plants
59 creatures vanquished.

Vanquished Creatures (others)
  A fungus (Lair:2)
  2 plants
  20 spectral weapons
23 creatures vanquished.

Grand Total: 672 creatures vanquished

Notes
Turn   | Place    | Note
-------+----------+-------------------------------------------
     0 | D:1      | tidbits the Gnoll Skald began the quest for the Orb.
     0 | D:1      | Reached XP level 1. HP: 20/20 MP: 6/6
   155 | D:1      | Reached XP level 2. HP: 13/26 MP: 3/7
   159 | D:1      | Learned a level 2 spell: Song of Slaying
   162 | D:1      | Learned a level 2 spell: Shroud of Golubria
   408 | D:2      | Reached XP level 3. HP: 29/31 MP: 5/9
   430 | D:2      | Found a basalt altar of Yredelemnul.
   431 | D:2      | Reached skill level 5 in Spellcasting
   509 | D:2      | Reached skill level 1 in Short Blades
   509 | D:2      | Reached skill level 1 in Long Blades
   509 | D:2      | Reached skill level 1 in Maces & Flails
   509 | D:2      | Reached skill level 1 in Polearms
   509 | D:2      | Reached skill level 1 in Staves
   509 | D:2      | Reached skill level 1 in Slings
   509 | D:2      | Reached skill level 1 in Bows
   509 | D:2      | Reached skill level 1 in Crossbows
   509 | D:2      | Reached skill level 1 in Throwing
   509 | D:2      | Reached skill level 1 in Stealth
   509 | D:2      | Reached skill level 1 in Shields
   509 | D:2      | Reached skill level 1 in Unarmed Combat
   509 | D:2      | Reached skill level 1 in Conjurations
   509 | D:2      | Reached skill level 1 in Hexes
   509 | D:2      | Reached skill level 1 in Summonings
   509 | D:2      | Reached skill level 1 in Necromancy
   509 | D:2      | Reached skill level 1 in Translocations
   509 | D:2      | Reached skill level 1 in Transmutations
   509 | D:2      | Reached skill level 1 in Fire Magic
   509 | D:2      | Reached skill level 1 in Ice Magic
   509 | D:2      | Reached skill level 1 in Air Magic
   509 | D:2      | Reached skill level 1 in Earth Magic
   509 | D:2      | Reached skill level 1 in Poison Magic
   509 | D:2      | Reached skill level 1 in Invocations
   509 | D:2      | Reached skill level 1 in Evocations
   512 | D:2      | Reached XP level 4. HP: 38/38 MP: 0/11
   798 | D:4      | Noticed Purgy
   805 | D:3      | Learned a level 3 spell: Regeneration
   809 | D:3      | Learned a level 3 spell: Spectral Weapon
   816 | D:4      | Killed Purgy
   816 | D:4      | Reached skill level 3 in Armour
   816 | D:4      | Reached XP level 5. HP: 43/43 MP: 2/12
   917 | D:4      | Reached XP level 6. HP: 32/50 MP: 3/13
   931 | D:4      | Reached skill level 5 in Fighting
   931 | D:4      | Reached skill level 5 in Axes
   931 | D:4      | Reached skill level 5 in Dodging
  1021 | D:4      | Reached skill level 2 in Short Blades
  1021 | D:4      | Reached skill level 2 in Long Blades
  1021 | D:4      | Reached skill level 2 in Maces & Flails
  1021 | D:4      | Reached skill level 2 in Polearms
  1021 | D:4      | Reached skill level 2 in Staves
  1021 | D:4      | Reached skill level 2 in Slings
  1021 | D:4      | Reached skill level 2 in Bows
  1021 | D:4      | Reached skill level 2 in Crossbows
  1021 | D:4      | Reached skill level 2 in Throwing
  1021 | D:4      | Reached skill level 2 in Stealth
  1021 | D:4      | Reached skill level 2 in Shields
  1021 | D:4      | Reached skill level 2 in Unarmed Combat
  1021 | D:4      | Reached skill level 2 in Conjurations
  1021 | D:4      | Reached skill level 2 in Hexes
  1021 | D:4      | Reached skill level 2 in Summonings
  1021 | D:4      | Reached skill level 2 in Necromancy
  1021 | D:4      | Reached skill level 2 in Translocations
  1021 | D:4      | Reached skill level 2 in Transmutations
  1021 | D:4      | Reached skill level 2 in Fire Magic
  1021 | D:4      | Reached skill level 2 in Ice Magic
  1021 | D:4      | Reached skill level 2 in Air Magic
  1021 | D:4      | Reached skill level 2 in Earth Magic
  1021 | D:4      | Reached skill level 2 in Poison Magic
  1021 | D:4      | Reached skill level 2 in Invocations
  1021 | D:4      | Reached skill level 2 in Evocations
  1027 | D:4      | Found a staircase to the Ecumenical Temple.
  1052 | Temple   | Entered the Ecumenical Temple
  1056 | Temple   | Became a worshipper of Makhleb the Destroyer
  1100 | D:4      | Reached XP level 7. HP: 55/56 MP: 6/15
  1181 | D:4      | Reached skill level 7 in Charms
  1265 | D:4      | Noticed Grinder
  1280 | D:4      | Killed Grinder
  1346 | D:4      | Reached XP level 8. HP: 37/63 MP: 2/16
  1356 | D:5      | Entered Level 5 of the Dungeon
  1545 | D:5      | Reached skill level 3 in Short Blades
  1545 | D:5      | Reached skill level 3 in Long Blades
  1545 | D:5      | Reached skill level 3 in Maces & Flails
  1545 | D:5      | Reached skill level 3 in Polearms
  1545 | D:5      | Reached skill level 3 in Staves
  1545 | D:5      | Reached skill level 3 in Slings
  1545 | D:5      | Reached skill level 3 in Bows
  1545 | D:5      | Reached skill level 3 in Crossbows
  1545 | D:5      | Reached skill level 3 in Throwing
  1545 | D:5      | Reached skill level 4 in Armour
  1545 | D:5      | Reached skill level 3 in Stealth
  1545 | D:5      | Reached skill level 3 in Shields
  1545 | D:5      | Reached skill level 3 in Unarmed Combat
  1545 | D:5      | Reached skill level 3 in Conjurations
  1545 | D:5      | Reached skill level 3 in Hexes
  1545 | D:5      | Reached skill level 3 in Summonings
  1545 | D:5      | Reached skill level 3 in Necromancy
  1545 | D:5      | Reached skill level 3 in Translocations
  1545 | D:5      | Reached skill level 3 in Transmutations
  1545 | D:5      | Reached skill level 3 in Fire Magic
  1545 | D:5      | Reached skill level 3 in Ice Magic
  1545 | D:5      | Reached skill level 3 in Air Magic
  1545 | D:5      | Reached skill level 3 in Earth Magic
  1545 | D:5      | Reached skill level 3 in Poison Magic
  1545 | D:5      | Reached skill level 3 in Invocations
  1545 | D:5      | Reached skill level 3 in Evocations
  1593 | D:5      | Reached * piety under Makhleb
  1644 | D:5      | Reached skill level 6 in Spellcasting
  1659 | D:5      | Noticed Eustachio
  1683 | D:5      | Killed Eustachio
  2058 | D:6      | Reached XP level 9. HP: 69/69 MP: 14/18
  2068 | D:6      | Reached skill level 6 in Fighting
  2068 | D:6      | Reached skill level 6 in Axes
  2068 | D:6      | Reached skill level 6 in Dodging
  2316 | D:8      | Reached ** piety under Makhleb
  2316 | D:8      | Reached skill level 4 in Short Blades
  2316 | D:8      | Reached skill level 4 in Long Blades
  2316 | D:8      | Reached skill level 4 in Maces & Flails
  2316 | D:8      | Reached skill level 4 in Polearms
  2316 | D:8      | Reached skill level 4 in Staves
  2316 | D:8      | Reached skill level 4 in Slings
  2316 | D:8      | Reached skill level 4 in Bows
  2316 | D:8      | Reached skill level 4 in Crossbows
  2316 | D:8      | Reached skill level 4 in Throwing
  2316 | D:8      | Reached skill level 4 in Stealth
  2316 | D:8      | Reached skill level 4 in Shields
  2316 | D:8      | Reached skill level 4 in Unarmed Combat
  2316 | D:8      | Reached skill level 4 in Conjurations
  2316 | D:8      | Reached skill level 4 in Hexes
  2316 | D:8      | Reached skill level 4 in Summonings
  2316 | D:8      | Reached skill level 4 in Necromancy
  2316 | D:8      | Reached skill level 4 in Translocations
  2316 | D:8      | Reached skill level 4 in Transmutations
  2316 | D:8      | Reached skill level 4 in Fire Magic
  2316 | D:8      | Reached skill level 4 in Ice Magic
  2316 | D:8      | Reached skill level 4 in Air Magic
  2316 | D:8      | Reached skill level 4 in Earth Magic
  2316 | D:8      | Reached skill level 4 in Poison Magic
  2316 | D:8      | Reached skill level 4 in Invocations
  2316 | D:8      | Reached skill level 4 in Evocations
  2343 | D:8      | Got an ancient flail
  2346 | D:8      | Identified the +8 flail of Untruth {crush, rC+ rN+} (You found it on level 8 of the Dungeon)
  2493 | D:8      | Reached skill level 5 in Armour
  2759 | D:7      | Reached *** piety under Makhleb
  2810 | D:7      | Reached skill level 8 in Charms
  3046 | D:9      | Found a staircase to the Orcish Mines.
  3134 | D:9      | Reached skill level 7 in Spellcasting
  3134 | D:9      | Reached XP level 10. HP: 77/77 MP: 16/20
  3239 | D:10     | Entered Level 10 of the Dungeon
  3239 | D:10     | Noticed a two-headed ogre
  3251 | D:10     | Killed a two-headed ogre
  3251 | D:10     | Reached skill level 5 in Short Blades
  3251 | D:10     | Reached skill level 5 in Long Blades
  3251 | D:10     | Reached skill level 5 in Maces & Flails
  3251 | D:10     | Reached skill level 5 in Polearms
  3251 | D:10     | Reached skill level 5 in Staves
  3251 | D:10     | Reached skill level 5 in Slings
  3251 | D:10     | Reached skill level 5 in Bows
  3251 | D:10     | Reached skill level 5 in Crossbows
  3251 | D:10     | Reached skill level 5 in Throwing
  3251 | D:10     | Reached skill level 5 in Stealth
  3251 | D:10     | Reached skill level 5 in Shields
  3251 | D:10     | Reached skill level 5 in Unarmed Combat
  3251 | D:10     | Reached skill level 5 in Conjurations
  3251 | D:10     | Reached skill level 5 in Hexes
  3251 | D:10     | Reached skill level 5 in Summonings
  3251 | D:10     | Reached skill level 5 in Necromancy
  3251 | D:10     | Reached skill level 5 in Translocations
  3251 | D:10     | Reached skill level 5 in Transmutations
  3251 | D:10     | Reached skill level 5 in Fire Magic
  3251 | D:10     | Reached skill level 5 in Ice Magic
  3251 | D:10     | Reached skill level 5 in Air Magic
  3251 | D:10     | Reached skill level 5 in Earth Magic
  3251 | D:10     | Reached skill level 5 in Poison Magic
  3251 | D:10     | Reached skill level 5 in Invocations
  3251 | D:10     | Reached skill level 5 in Evocations
  3306 | D:9      | Found Jule's Book Emporium.
  3435 | D:9      | Noticed Erolcha
  3439 | D:9      | Killed Erolcha
  3439 | D:9      | Reached skill level 7 in Fighting
  3439 | D:9      | Reached skill level 7 in Axes
  3439 | D:9      | Reached skill level 7 in Dodging
  3490 | D:10     | Noticed a gargoyle
  3503 | D:10     | Killed a gargoyle
  3519 | D:10     | Reached skill level 6 in Armour
  3594 | D:10     | Reached **** piety under Makhleb
  3621 | D:10     | Noticed an orc knight
  3633 | D:10     | Killed an orc knight
  3633 | D:10     | Reached XP level 11. HP: 51/84 MP: 19/22
  3639 | D:10     | Noticed a death knight
  3684 | D:10     | Noticed a white ugly thing
  3736 | D:10     | Noticed a death yak
  3738 | D:10     | Found a staircase to the Lair.
  3740 | D:10     | Noticed a death yak
  3740 | D:10     | Noticed a death yak
  3747 | D:10     | Noticed Maurice
  3759 | D:10     | Killed a death yak
  3760 | D:10     | Killed a death yak
  3760 | D:10     | Reached skill level 6 in Short Blades
  3760 | D:10     | Reached skill level 6 in Long Blades
  3760 | D:10     | Reached skill level 6 in Maces & Flails
  3760 | D:10     | Reached skill level 6 in Polearms
  3760 | D:10     | Reached skill level 6 in Staves
  3760 | D:10     | Reached skill level 6 in Slings
  3760 | D:10     | Reached skill level 6 in Bows
  3760 | D:10     | Reached skill level 6 in Crossbows
  3760 | D:10     | Reached skill level 6 in Throwing
  3760 | D:10     | Reached skill level 6 in Stealth
  3760 | D:10     | Reached skill level 6 in Shields
  3760 | D:10     | Reached skill level 6 in Unarmed Combat
  3760 | D:10     | Reached skill level 6 in Conjurations
  3760 | D:10     | Reached skill level 6 in Hexes
  3760 | D:10     | Reached skill level 9 in Charms
  3760 | D:10     | Reached skill level 6 in Summonings
  3760 | D:10     | Reached skill level 6 in Necromancy
  3760 | D:10     | Reached skill level 6 in Translocations
  3760 | D:10     | Reached skill level 6 in Transmutations
  3760 | D:10     | Reached skill level 6 in Fire Magic
  3760 | D:10     | Reached skill level 6 in Ice Magic
  3760 | D:10     | Reached skill level 6 in Air Magic
  3760 | D:10     | Reached skill level 6 in Earth Magic
  3760 | D:10     | Reached skill level 6 in Poison Magic
  3760 | D:10     | Reached skill level 6 in Invocations
  3760 | D:10     | Reached skill level 6 in Evocations
  3813 | D:10     | Noticed a six-headed hydra
  3834 | D:10     | Killed a six-headed hydra
  3834 | D:10     | Reached skill level 8 in Spellcasting
  3962 | D:10     | Noticed a two-headed ogre
  3972 | D:10     | Killed a two-headed ogre
  4026 | D:11     | Noticed a manticore
  4035 | D:11     | Killed a manticore
  4054 | D:11     | Noticed a two-headed ogre
  4062 | D:11     | Killed a two-headed ogre
  4062 | D:11     | Reached skill level 8 in Fighting
  4062 | D:11     | Reached skill level 8 in Axes
  4062 | D:11     | Reached skill level 7 in Armour
  4062 | D:11     | Reached skill level 8 in Dodging
  4100 | D:11     | Killed an unseen horror
  4279 | D:11     | Reached XP level 12. HP: 93/93 MP: 18/24
  4409 | D:9      | Bought a book of Necromancy for 420 gold pieces
  4415 | D:9      | Learned a level 1 spell: Animate Skeleton
  4420 | D:9      | Learned a level 4 spell: Animate Dead
  4425 | D:9      | Learned a level 4 spell: Control Undead
  4451 | Orc:1    | Entered Level 1 of the Orcish Mines
  4451 | Orc:1    | Noticed Erica
  4494 | Orc:1    | Killed Erica
  4533 | Orc:1    | Found Solum's Antique Armour Boutique.
  4582 | Orc:1    | Reached ***** piety under Makhleb
  4695 | Orc:2    | Entered Level 2 of the Orcish Mines
  4709 | Orc:2    | Reached skill level 7 in Short Blades
  4709 | Orc:2    | Reached skill level 7 in Long Blades
  4709 | Orc:2    | Reached skill level 7 in Maces & Flails
  4709 | Orc:2    | Reached skill level 7 in Polearms
  4709 | Orc:2    | Reached skill level 7 in Staves
  4709 | Orc:2    | Reached skill level 7 in Slings
  4709 | Orc:2    | Reached skill level 7 in Bows
  4709 | Orc:2    | Reached skill level 7 in Crossbows
  4709 | Orc:2    | Reached skill level 7 in Throwing
  4709 | Orc:2    | Reached skill level 7 in Stealth
  4709 | Orc:2    | Reached skill level 7 in Shields
  4709 | Orc:2    | Reached skill level 7 in Unarmed Combat
  4709 | Orc:2    | Reached skill level 7 in Conjurations
  4709 | Orc:2    | Reached skill level 7 in Hexes
  4709 | Orc:2    | Reached skill level 7 in Summonings
  4709 | Orc:2    | Reached skill level 7 in Necromancy
  4709 | Orc:2    | Reached skill level 7 in Translocations
  4709 | Orc:2    | Reached skill level 7 in Transmutations
  4709 | Orc:2    | Reached skill level 7 in Fire Magic
  4709 | Orc:2    | Reached skill level 7 in Ice Magic
  4709 | Orc:2    | Reached skill level 7 in Air Magic
  4709 | Orc:2    | Reached skill level 7 in Earth Magic
  4709 | Orc:2    | Reached skill level 7 in Poison Magic
  4709 | Orc:2    | Reached skill level 7 in Invocations
  4709 | Orc:2    | Reached skill level 7 in Evocations
  4830 | Orc:2    | HP: 9/94 [orc warrior/hand axe[an orc knight] (4)]
  4917 | Orc:2    | Found a staircase to the Elven Halls.
  4956 | Orc:2    | Found a roughly hewn altar of Beogh.
  5069 | Orc:2    | Noticed an orc high priest
  5069 | Orc:2    | Noticed an orc high priest
  5099 | Orc:2    | Killed an orc high priest
  5135 | Orc:2    | Noticed an orc high priest
  5143 | Orc:2    | Killed an orc high priest
  5143 | Orc:2    | Reached skill level 9 in Spellcasting
  5148 | Orc:2    | Killed an orc high priest
  5151 | Orc:2    | Noticed a sun demon
  5157 | Orc:2    | Found Xyaba's Jewellery Boutique.
  5157 | Orc:2    | Found Wyxto's Distillery.
  5237 | Orc:2    | Found Rexem's Book Emporium.
  5237 | Orc:2    | Found Hakhad's Weapon Boutique.
  5251 | Orc:2    | Bought an uncursed ring of wizardry for 420 gold pieces
  5258 | Orc:2    | Bought a potion of mutation for 144 gold pieces
  5258 | Orc:2    | Bought a potion of haste for 180 gold pieces
  5258 | Orc:2    | Bought a potion of degeneration for 18 gold pieces
  5267 | Orc:2    | Gained mutation: You have sharp toenails. [potion of mutation]
  5267 | Orc:2    | Gained mutation: You have a pair of small horns on your head. [potion of mutation]
  5331 | Orc:2    | Reached skill level 8 in Armour
  5331 | Orc:2    | Reached skill level 10 in Charms
  5353 | Orc:2    | Noticed a two-headed ogre
  5359 | Orc:2    | Killed a two-headed ogre
  5398 | Orc:2    | Found Atiomnav's Armour Boutique.
  5405 | Orc:2    | Bought a +0 buckler for 63 gold pieces
  5470 | Orc:1    | Reached skill level 9 in Fighting
  5470 | Orc:1    | Reached skill level 9 in Axes
  5470 | Orc:1    | Reached skill level 9 in Dodging
  5595 | Orc:1    | Noticed Urug
  5613 | Orc:1    | Killed Urug
  5613 | Orc:1    | Reached XP level 13. HP: 78/101 MP: 20/26
  5815 | D:10     | Noticed Harold
  5822 | D:10     | Killed Harold
  5972 | D:10     | Got a steaming short sword
  5976 | D:10     | Identified the +3 short sword "Zuevios" {freeze, rC+} (You found it on level 10 of the Dungeon)
  6021 | D:10     | Reached skill level 8 in Short Blades
  6021 | D:10     | Reached skill level 8 in Long Blades
  6021 | D:10     | Reached skill level 8 in Maces & Flails
  6021 | D:10     | Reached skill level 8 in Polearms
  6021 | D:10     | Reached skill level 8 in Staves
  6021 | D:10     | Reached skill level 8 in Slings
  6021 | D:10     | Reached skill level 8 in Bows
  6021 | D:10     | Reached skill level 8 in Crossbows
  6021 | D:10     | Reached skill level 8 in Throwing
  6021 | D:10     | Reached skill level 8 in Stealth
  6021 | D:10     | Reached skill level 8 in Shields
  6021 | D:10     | Reached skill level 8 in Unarmed Combat
  6021 | D:10     | Reached skill level 8 in Conjurations
  6021 | D:10     | Reached skill level 8 in Hexes
  6021 | D:10     | Reached skill level 8 in Summonings
  6021 | D:10     | Reached skill level 8 in Necromancy
  6021 | D:10     | Reached skill level 8 in Translocations
  6021 | D:10     | Reached skill level 8 in Transmutations
  6021 | D:10     | Reached skill level 8 in Fire Magic
  6021 | D:10     | Reached skill level 8 in Ice Magic
  6021 | D:10     | Reached skill level 8 in Air Magic
  6021 | D:10     | Reached skill level 8 in Earth Magic
  6021 | D:10     | Reached skill level 8 in Poison Magic
  6021 | D:10     | Reached skill level 8 in Invocations
  6021 | D:10     | Reached skill level 8 in Evocations
  6079 | D:11     | Noticed Grum
  6087 | D:11     | Killed Grum
  6179 | D:10     | Killed Maurice
  6226 | Lair:1   | Entered Level 1 of the Lair of Beasts
  6566 | Lair:1   | Reached ****** piety under Makhleb
  6873 | Lair:3   | Got a crude large shield
  6934 | Lair:3   | Identified the cursed +0 large shield of the Monkey {rElec rF+ rC+ rCorr} (You found it on level 3 of the Lair of Beasts)
  6979 | Lair:3   | Reached skill level 9 in Armour
  7045 | Lair:4   | Noticed Rupert
  7053 | Lair:4   | Found a labyrinth entrance.
  7053 | Lair:4   | Killed Rupert
  7053 | Lair:4   | Reached skill level 10 in Spellcasting
  7093 | Lab      | Entered a labyrinth
  7146 | Lab      | Reached XP level 14. HP: 108/108 MP: 23/28
  7396 | Lab      | Found the +4 arc blade {discharge, rElec}
  7413 | Lab      | Learned a level 2 spell: Blink
  7419 | Lab      | Learned a level 5 spell: Aura of Abjuration
  7425 | Lab      | Learned a level 3 spell: Mephitic Cloud
  7502 | Lair:4   | Reached skill level 10 in Axes
  7560 | Lair:4   | Noticed Josephine
  7571 | Lair:4   | Reached skill level 10 in Fighting
  7571 | Lair:4   | Reached skill level 10 in Dodging
  7688 | Lair:3   | Learned a level 4 spell: Cause Fear
  7717 | Lair:3   | Killed Josephine
  7717 | Lair:3   | Reached skill level 9 in Short Blades
  7717 | Lair:3   | Reached skill level 9 in Long Blades
  7717 | Lair:3   | Reached skill level 9 in Maces & Flails
  7717 | Lair:3   | Reached skill level 9 in Polearms
  7717 | Lair:3   | Reached skill level 9 in Staves
  7717 | Lair:3   | Reached skill level 9 in Slings
  7717 | Lair:3   | Reached skill level 9 in Bows
  7717 | Lair:3   | Reached skill level 9 in Crossbows
  7717 | Lair:3   | Reached skill level 9 in Throwing
  7717 | Lair:3   | Reached skill level 9 in Stealth
  7717 | Lair:3   | Reached skill level 9 in Shields
  7717 | Lair:3   | Reached skill level 9 in Unarmed Combat
  7717 | Lair:3   | Reached skill level 9 in Conjurations
  7717 | Lair:3   | Reached skill level 9 in Hexes
  7717 | Lair:3   | Reached skill level 11 in Charms
  7717 | Lair:3   | Reached skill level 9 in Summonings
  7717 | Lair:3   | Reached skill level 9 in Necromancy
  7717 | Lair:3   | Reached skill level 9 in Translocations
  7717 | Lair:3   | Reached skill level 9 in Transmutations
  7717 | Lair:3   | Reached skill level 9 in Fire Magic
  7717 | Lair:3   | Reached skill level 9 in Ice Magic
  7717 | Lair:3   | Reached skill level 9 in Air Magic
  7717 | Lair:3   | Reached skill level 9 in Earth Magic
  7717 | Lair:3   | Reached skill level 9 in Poison Magic
  7717 | Lair:3   | Reached skill level 9 in Invocations
  7717 | Lair:3   | Reached skill level 9 in Evocations
  7812 | Lair:5   | Found a staircase to the Slime Pits.
  7813 | Lair:5   | Found a viscous altar of Jiyva.
  7887 | Lair:5   | HP: 6/109 [death yak (22)]
  7893 | Lair:5   | HP: 8/109 [death yak (16)]
  7905 | Lair:5   | HP: 8/109 [death yak (3)]
  8135 | Lair:3   | Found a staircase to the Swamp.
  8173 | Swamp:1  | Entered Level 1 of the Swamp
  8365 | Swamp:2  | Found a frozen archway.
  8401 | Swamp:2  | HP: 10/111 [seven-headed hydra (3)]
  8406 | Swamp:2  | HP: 9/111 [poison (poison gas)]
  8450 | IceCv    | Entered an ice cave
  8619 | IceCv    | Reached skill level 11 in Axes
  8886 | IceCv    | Reached XP level 15. HP: 109/117 MP: 23/29
  8994 | IceCv    | Reached skill level 10 in Armour
  9057 | IceCv    | Identified a scroll of acquirement
  9391 | Orc:2    | Bought a book of the Earth for 975 gold pieces
  9398 | Orc:2    | Learned a level 6 spell: Statue Form
  9411 | Orc:2    | Bought a +5 ring of protection for 770 gold pieces
  9460 | Elf:1    | Entered Level 1 of the Elven Halls
  9528 | Elf:1    | Found Tyastrut's Antique Armour Emporium.
  9605 | Elf:1    | Reached skill level 11 in Spellcasting
  9676 | Elf:1    | Found a magical portal.
  9687 | WizLab   | Entered Cigotuvi's Fleshworks
  9777 | WizLab   | Reached skill level 10 in Short Blades
  9777 | WizLab   | Reached skill level 10 in Long Blades
  9777 | WizLab   | Reached skill level 10 in Maces & Flails
  9777 | WizLab   | Reached skill level 10 in Polearms
  9777 | WizLab   | Reached skill level 10 in Staves
  9777 | WizLab   | Reached skill level 10 in Slings
  9777 | WizLab   | Reached skill level 10 in Bows
  9777 | WizLab   | Reached skill level 10 in Crossbows
  9777 | WizLab   | Reached skill level 10 in Throwing
  9777 | WizLab   | Reached skill level 10 in Stealth
  9777 | WizLab   | Reached skill level 10 in Shields
  9777 | WizLab   | Reached skill level 10 in Unarmed Combat
  9777 | WizLab   | Reached skill level 10 in Conjurations
  9777 | WizLab   | Reached skill level 10 in Hexes
  9777 | WizLab   | Reached skill level 10 in Summonings
  9777 | WizLab   | Reached skill level 10 in Necromancy
  9777 | WizLab   | Reached skill level 10 in Translocations
  9777 | WizLab   | Reached skill level 10 in Transmutations
  9777 | WizLab   | Reached skill level 10 in Fire Magic
  9777 | WizLab   | Reached skill level 10 in Ice Magic
  9777 | WizLab   | Reached skill level 10 in Air Magic
  9777 | WizLab   | Reached skill level 10 in Earth Magic
  9777 | WizLab   | Reached skill level 10 in Poison Magic
  9777 | WizLab   | Reached skill level 10 in Invocations
  9777 | WizLab   | Reached skill level 10 in Evocations
  9829 | WizLab   | Noticed Cigotuvi's Monster
  9842 | WizLab   | HP: 11/152 [Cigotuvi's Monster (21)]
  9843 | WizLab   | Mangled by Cigotuvi's Monster

Vault maps used:
D:1:      wheals_arrival_shading
D:2:      lemuel_doored_altar, first_bread
D:4:      minmay_temple_entry_junction, hangedman_decor_peaks_small, uniq_purgy,
          uniq_grinder
D:5:      uniq_eustachio
D:8:      special_room
D:9:      erik_orc_3, serial_shops, shop_fountains, uniq_erolcha
D:10:     minmay_the_grid_net, dpeg_lair_monsters, uniq_snorg, uniq_harold,
          uniq_maurice
D:11:     uniq_grum
Temple:   nicolae_temple_the_god_donut
Lair:1:   lemuel_fruit_tree
Lair:2:   guppyfry_lair_drakes, infiniplex_staircase_pool
Lair:3:   swamp_mist
Lair:4:   spider_nest_entry_web_field, lab_entry_generic, grunt_megastairs_1,
          minmay_lair_oklob_chamber, serial_bayou_shore_b, uniq_rupert,
          uniq_josephine
Lair:5:   slime_altar_1
Swamp:1:  hangedman_swamp_blocks, swamp_pool5
Swamp:2:  portal_ice_cave_entry_pillars_three, evilmike_swamp_ruin_house_5
Orc:1:    lemuel_ogre_cave, serial_shops,
          nicolae_shop_temple_entry_statues_fountains, uniq_urug, uniq_erica
Orc:2:    grunt_orc_tribal_feast, basic_altar, serial_shops, shop
Elf:1:    eino_elf_arrival_customs, mu_enter_wizlab_6, serial_shops,
          nicolae_shop_window_shopping, shop, nicolae_shop_trees, shop,
          nicolae_shop_overgrown_old_shop, minmay_elf_sorcery
Lab:      labyrinth_mini_lab, labyrinth_lava_lair, nicolae_lab_stuck,
          lab_statue, nicolae_lab_flowing_pool, nicolae_lab_arrow,
          nicolae_lab_checkerboard
IceCv:    ice_cave_caverns_01
WizLab:   wizlab_cigotuvi

Skill      XL: |  1  2  3  4  5  6  7  8  9 10 11 12 13 14 15 |
---------------+----------------------------------------------+-----
Spellcasting   | 5 6 7 8 9 10 11 | 11.0
Short Blades   | 1 2 3 4 5 6 7 8 9 10 | 10.0
Long Blades    | 1 2 3 4 5 6 7 8 9 10 | 10.0
Maces & Flails | 1 2 3 4 5 6 7 8 9 10 | 10.0
Polearms       | 1 2 3 4 5 6 7 8 9 10 | 10.0
Staves         | 1 2 3 4 5 6 7 8 9 10 | 10.0
Slings         | 1 2 3 4 5 6 7 8 9 10 | 10.0
Bows           | 1 2 3 4 5 6 7 8 9 10 | 10.0
Crossbows      | 1 2 3 4 5 6 7 8 9 10 | 10.0
Throwing       | 1 2 3 4 5 6 7 8 9 10 | 10.0
Stealth        | 1 2 3 4 5 6 7 8 9 10 | 10.0
Shields        | 1 2 3 4 5 6 7 8 9 10 | 10.0
Unarmed Combat | 1 2 3 4 5 6 7 8 9 10 | 10.0
Conjurations   | 1 2 3 4 5 6 7 8 9 10 | 10.0
Hexes          | 1 2 3 4 5 6 7 8 9 10 | 10.0
Summonings     | 1 2 3 4 5 6 7 8 9 10 | 10.0
Necromancy     | 1 2 3 4 5 6 7 8 9 10 | 10.0
Translocations | 1 2 3 4 5 6 7 8 9 10 | 10.0
Transmutations | 1 2 3 4 5 6 7 8 9 10 | 10.0
Fire Magic     | 1 2 3 4 5 6 7 8 9 10 | 10.0
Ice Magic      | 1 2 3 4 5 6 7 8 9 10 | 10.0
Air Magic      | 1 2 3 4 5 6 7 8 9 10 | 10.0
Earth Magic    | 1 2 3 4 5 6 7 8 9 10 | 10.0
Poison Magic   | 1 2 3 4 5 6 7 8 9 10 | 10.0
Invocations    | 1 2 3 4 5 6 7 8 9 10 | 10.0
Evocations     | 1 2 3 4 5 6 7 8 9 10 | 10.0
Armour         | 3 4 5 6 7 8 9 10 | 10.3
Fighting       | 5 6 7 8 9 10 | 10.9
Axes           | 5 6 7 8 9 11 | 11.8
Dodging        | 5 6 7 8 9 10 | 10.9
Charms         | 7 8 9 10 11 | 11.7

Action                   |  1- 3 |  4- 6 |  7- 9 | 10-12 | 13-15 || total
-------------------------+-------+-------+-------+-------+-------++-------
Melee: Hand axe          |    72 |    94 |    43 |       |     8 ||   217
       Bite              |     4 |     6 |    24 |    43 |    69 ||   146
       Punch             |       |     2 |     3 |    12 |       ||    17
       War axe           |       |       |   118 |       |       ||   118
       Flail             |       |       |   113 |   305 |   151 ||   569
       Whip              |       |       |       |    20 |       ||    20
       Unarmed           |       |       |       |     1 |       ||     1
       Broad axe         |       |       |       |    31 |   457 ||   488
       Kick              |       |       |       |    10 |   224 ||   234
       Headbutt          |       |       |       |     3 |   123 ||   126
       Rapier            |       |       |       |       |     6 ||     6
Throw: Tomahawk          |       |       |       |     2 |       ||     2
       Javelin           |       |       |       |       |     9 ||     9
 Cast: Infusion          |    10 |     3 |     1 |       |       ||    14
       Spectral Weapon   |       |     7 |    38 |    47 |    75 ||   167
       Regeneration      |       |     3 |    11 |    29 |    45 ||    88
       Shroud of Golubri |       |     1 |     4 |     1 |     4 ||    10
       Animate Dead      |       |       |       |     6 |    15 ||    21
       Animate Skeleton  |       |       |       |     1 |    22 ||    23
       Song of Slaying   |       |       |       |       |    12 ||    12
       Blink             |       |       |       |       |     5 ||     5
       Statue Form       |       |       |       |       |     7 ||     7
Invok: Lesser Servant of |       |       |       |     6 |     3 ||     9
       Minor Destruction |       |       |       |       |     8 ||     8
Evoke: Wand              |       |       |     6 |    26 |    13 ||    45
       Phial of floods   |       |       |       |     2 |     1 ||     3
  Use: Scroll            |       |     5 |     3 |    11 |    15 ||    34
       Potion            |       |       |       |     5 |     5 ||    10
 Stab: Sleeping          |     1 |     2 |     6 |     5 |    11 ||    25
       Distracted        |     1 |     2 |     3 |     6 |     6 ||    18
       Paralysed         |       |       |       |    14 |     5 ||    19
  Eat: Chunk             |       |     1 |    10 |     3 |    11 ||    25
       Royal jelly       |       |       |       |     4 |     1 ||     5
       Meat ration       |       |       |       |     1 |     2 ||     3
       Fruit             |       |       |       |       |     4 ||     4
Armor: Leather armour    |     3 |       |       |       |       ||     3
       Ring mail         |    24 |    35 |    40 |       |       ||    99
       Scale mail        |       |       |    50 |   159 |   169 ||   378
       Skin              |       |       |       |       |    42 ||    42
Dodge: Dodged            |    51 |    67 |   165 |   238 |   402 ||   923
Block: Buckler           |       |       |       |     7 |    39 ||    46
       Shield            |       |       |       |       |   280 ||   280

Table legend:
 A = Spawn XP
 B = Non-spawn XP
 C = Spawn XP percentage of total XP
 D = Spawn monster count
 E = Non-spawn monster count
 F = Spawn count percentage of total count
 G = Total turns spent on level
                    A         B        C        D         E        F      G
               +---------+---------+-------+---------+---------+-------+---------
         Total |       0 |  108491 |   0.0 |       0 |     644 |   0.0 |  9843
               +---------+---------+-------+---------+---------+-------+---------
           D:1 |       0 |      19 |   0.0 |       0 |      13 |   0.0 |   255
           D:2 |       0 |      65 |   0.0 |       0 |      23 |   0.0 |   292
           D:3 |       0 |      36 |   0.0 |       0 |      17 |   0.0 |   351
           D:4 |       0 |    1130 |   0.0 |       0 |      33 |   0.0 |   476
           D:5 |       0 |     600 |   0.0 |       0 |      23 |   0.0 |   399
           D:6 |       0 |     700 |   0.0 |       0 |      24 |   0.0 |   360
           D:7 |       0 |     580 |   0.0 |       0 |      14 |   0.0 |   456
           D:8 |       0 |     837 |   0.0 |       0 |      42 |   0.0 |   329
           D:9 |       0 |    1796 |   0.0 |       0 |      27 |   0.0 |   684
          D:10 |       0 |   14985 |   0.0 |       0 |      63 |   0.0 |   918
          D:11 |       0 |    5597 |   0.0 |       0 |      34 |   0.0 |   466
        Lair:1 |       0 |    6733 |   0.0 |       0 |      31 |   0.0 |   453
        Lair:2 |       0 |    4502 |   0.0 |       0 |      20 |   0.0 |   211
        Lair:3 |       0 |    6727 |   0.0 |       0 |      26 |   0.0 |   508
        Lair:4 |       0 |   10748 |   0.0 |       0 |      28 |   0.0 |   491
        Lair:5 |       0 |    5081 |   0.0 |       0 |      10 |   0.0 |   112
       Swamp:1 |       0 |    3219 |   0.0 |       0 |      13 |   0.0 |   190
       Swamp:2 |       0 |    3945 |   0.0 |       0 |      19 |   0.0 |   133
         Orc:1 |       0 |    4238 |   0.0 |       0 |      28 |   0.0 |   525
         Orc:2 |       0 |    8937 |   0.0 |       0 |      59 |   0.0 |   867
         Elf:1 |       0 |   10392 |   0.0 |       0 |      17 |   0.0 |   227
           Lab |       0 |    2915 |   0.0 |       0 |       8 |   0.0 |   334
         IceCv |       0 |   10556 |   0.0 |       0 |      59 |   0.0 |   641
        WizLab |       0 |    4153 |   0.0 |       0 |      13 |   0.0 |   156
               +---------+---------+-------+---------+---------+-------+---------

Table legend:
 A = Turns spent in this place as a percentage of turns spent in the entire game.
 B = Non-inter-level travel turns spent in this place as a percentage of non-inter-level travel turns spent in the entire game.
 C = Inter-level travel turns spent in this place as a percentage of turns spent in this place.
 D = Turns resting spent in this place as a percentage of non-inter-level travel turns spent in this place.
 E = Turns spent auto-exploring this place as a percentage of non-inter-level travel turns spent in this place.
 F = Non-inter-level travel turns spent in this place divided by the number of levels of this place that you've seen.
                   A       B       C       D       E      F
               +-------+-------+-------+-------+-------+----------------------
         Total | 100.0 | 100.0 |   3.8 |   0.0 |   0.0 | 378.9
       Dungeon |  50.7 |  50.1 |   4.8 |   0.0 |   0.0 | 431.5
        Temple |   0.1 |   0.1 |   0.0 |   0.0 |   0.0 |   9.0
          Lair |  18.0 |  18.7 |   0.0 |   0.0 |   0.0 | 355.0
         Swamp |   3.3 |   3.4 |   0.0 |   0.0 |   0.0 | 161.5
  Orcish Mines |  14.1 |  13.3 |   9.3 |   0.0 |   0.0 | 631.0
   Elven Halls |   2.3 |   2.4 |   0.0 |   0.0 |   0.0 | 227.0
     Labyrinth |   3.4 |   3.5 |   0.0 |   0.0 |   0.0 | 334.0
      Ice Cave |   6.5 |   6.8 |   0.0 |   0.0 |   0.0 | 641.0
        Wizlab |   1.6 |   1.6 |   0.0 |   0.0 |   0.0 | 156.0
               +-------+-------+-------+-------+-------+----------------------

Table legend:
 A = Kills in this place as a percentage of kills in entire the game.
 B = Kills by you in this place as a percentage of kills by you in the entire game.
 C = Kills by friends in this place as a percentage of kills by friends in the entire game.
 D = Other kills in this place as a percentage of other kills in the entire game.
 E = Experience gained in this place as a percentage of experience gained in the entire game.
 F = Experience gained in this place divided by the number of levels of this place that you have seen.
                   A       B       C       D       E      F
               +-------+-------+-------+-------+-------+----------------------
         Total | 100.0 | 100.0 | 100.0 |   N/A | 100.0 | 4339.6
       Dungeon |  48.6 |  52.7 |   5.4 |   N/A |  24.3 | 2395.0
          Lair |  17.9 |  15.8 |  39.3 |   N/A |  31.1 | 6758.2
         Swamp |   5.0 |   3.2 |  23.2 |   N/A |   6.6 | 3582.0
  Orcish Mines |  13.5 |  12.1 |  28.6 |   N/A |  12.1 | 6587.5
   Elven Halls |   2.6 |   2.7 |   1.8 |   N/A |   9.6 | 10392.0
     Labyrinth |   1.2 |   1.4 |   0.0 |   N/A |   2.7 | 2915.0
      Ice Cave |   9.2 |   9.9 |   1.8 |   N/A |   9.7 | 10556.0
        Wizlab |   2.0 |   2.2 |   0.0 |   N/A |   3.8 | 4153.0
               +-------+-------+-------+-------+-------+----------------------

Vault maps used:
D:1:      wheals_arrival_shading
D:2:      lemuel_doored_altar, first_bread
D:4:      minmay_temple_entry_junction, hangedman_decor_peaks_small, uniq_purgy,
          uniq_grinder
D:5:      uniq_eustachio
D:8:      special_room
D:9:      erik_orc_3, serial_shops, shop_fountains, uniq_erolcha
D:10:     minmay_the_grid_net, dpeg_lair_monsters, uniq_snorg, uniq_harold,
          uniq_maurice
D:11:     uniq_grum
Temple:   nicolae_temple_the_god_donut
Lair:1:   lemuel_fruit_tree
Lair:2:   guppyfry_lair_drakes, infiniplex_staircase_pool
Lair:3:   swamp_mist
Lair:4:   spider_nest_entry_web_field, lab_entry_generic, grunt_megastairs_1,
          minmay_lair_oklob_chamber, serial_bayou_shore_b, uniq_rupert,
          uniq_josephine
Lair:5:   slime_altar_1
Swamp:1:  hangedman_swamp_blocks, swamp_pool5
Swamp:2:  portal_ice_cave_entry_pillars_three, evilmike_swamp_ruin_house_5
Orc:1:    lemuel_ogre_cave, serial_shops,
          nicolae_shop_temple_entry_statues_fountains, uniq_urug, uniq_erica
Orc:2:    grunt_orc_tribal_feast, basic_altar, serial_shops, shop
Elf:1:    eino_elf_arrival_customs, mu_enter_wizlab_6, serial_shops,
          nicolae_shop_window_shopping, shop, nicolae_shop_trees, shop,
          nicolae_shop_overgrown_old_shop, minmay_elf_sorcery
Lab:      labyrinth_mini_lab, labyrinth_lava_lair, nicolae_lab_stuck,
          lab_statue, nicolae_lab_flowing_pool, nicolae_lab_arrow,
          nicolae_lab_checkerboard
IceCv:    ice_cave_caverns_01
WizLab:   wizlab_cigotuvi
